 Dungeon Crawl Stone Soup version 0.24.0-2-g5b39cebb1c (webtiles) character file.

Game seed: 9533496957709835353, levelgen mode: deterministic

13102 inmateoo the Fighter (level 11, -1/90 HPs)
             Began as a Mummy Gladiator on Oct 30, 2019.
             Was an Initiate of Gozag.
             Slain by a cyan ugly thing (12 damage)
             ... on level 11 of the Dungeon.
             The game lasted 00:12:39 (11115 turns).

inmateoo the Fighter (Mummy Gladiator)             Turns: 11115, Time: 00:12:40

Health: -1/90      AC: 15    Str: 20    XL:     11   Next: 71%
Magic:  11/11      EV:  8    Int:  8    God:    Gozag
Gold:   2070       SH: 10    Dex: 17    Spells: 10/10 levels left

rFire    . . .     SeeInvis .   y - +6 broad axe (elec)
rCold    + + +     Gourm    .   e - +0 shield
rNeg     + + +     Faith    .   x - +1 chain mail of Winter {rC+ Regen+}
rPois    ∞         Spirit   .   n - +0 helmet
rElec    .         Reflect  .   A - scarf {rC+ rF+}
rCorr    .         Harm     .   j - +0 pair of gloves {Dex+3}
MR       +....                  q - +2 pair of boots {Stlth+}
Stlth    ..........             (no amulet)
HPRegen  0.65/turn              o - +2 ring of slaying
MPRegen  0.12/turn              s - ring of protection from cold

@: studying Unarmed Combat
A: no food or potions, fire vulnerability, cold resistance 1, negative energy
resistance 3, torment resistance, unbreathing
a: Potion Petition, Call Merchant, Bribe Branch, Renounce Religion


You were on level 11 of the Dungeon.
You worshipped Gozag.
Gozag was most pleased with you.
You were not hungry.

You visited 2 branches of the dungeon, and saw 12 of its levels.

You collected 2166 gold pieces.
You paid 96 gold pieces to Gozag.

Inventory:

Hand Weapons
 u - the +11 mace "Xiuggiu" {drain, Int+6}
   (You found it on level 7 of the Dungeon)

   A truly terrible weapon, it drains the life of those it strikes.
   It affects your intelligence (+6).
 y - a +6 broad axe of electrocution (weapon)
Missiles
 d - 3 throwing nets (quivered)
Armour
 e - a +0 shield (worn)
 j - a +0 pair of gloves of dexterity (worn)
 n - a +0 helmet (worn)
 q - a +2 pair of boots of stealth (worn)
 x - the +1 chain mail of Winter (worn) {rC+ Regen+}
   (You took it off a wight on level 7 of the Dungeon)

   It protects you from cold.
   It increases your rate of regeneration.
 A - a scarf of resistance (worn)
Jewellery
 c - an uncursed ring of ice
 o - a +2 ring of slaying (left hand)
 s - a ring of protection from cold (right hand)
Wands
 a - a wand of paralysis (4)
 p - a wand of flame (14)
 t - a wand of iceblast (2)
 z - a wand of random effects (12)
Scrolls
 b - 7 scrolls of identify
 f - 2 scrolls of fear
 g - 2 scrolls of enchant armour
 h - a scroll of immolation
 i - 4 scrolls of teleportation
 l - 4 scrolls of amnesia
 m - 5 scrolls of remove curse
Books
 r - a manual of Unarmed Combat
Miscellaneous
 v - a sack of spiders
 w - a phial of floods


   Skills:
 - Level 10.0 Fighting
 * Level 6.2(9.0) Axes
 - Level 5.4(6.8) Maces & Flails
   Level 8.3(9.3) Polearms
 - Level 1.5 Throwing
 - Level 4.0 Armour
 - Level 5.0 Dodging
 - Level 4.0 Shields


You had 10 spell levels left.
You didn't know any spells.
Your spell library contained the following spells:

 Spells                   Type           Power        Failure   Level  Hunger
 Animate Skeleton         Necr           N/A          100%        1    N/A
 Apportation              Tloc           #.....       100%        1    N/A
 Confusing Touch          Hex            #.....       100%        1    N/A
 Infusion                 Chrm           #...         100%        1    N/A
 Magic Dart               Conj           #...         100%        1    N/A
 Summon Small Mammal      Summ           #...         100%        1    N/A
 Blink                    Tloc           N/A          100%        2    N/A
 Call Imp                 Summ           #.......     100%        2    N/A
 Passwall                 Tmut/Erth      #.......     100%        2    N/A
 Shroud of Golubria       Chrm/Tloc      #.....       100%        2    N/A
 Slow                     Hex            #.......     100%        2    N/A
 Song of Slaying          Chrm           #.......     100%        2    N/A
 Swiftness                Chrm/Air       #.......     100%        2    N/A
 Conjure Flame            Conj/Fire      #.......     100%        3    N/A
 Mephitic Cloud           Conj/Pois/Air  #.......     100%        3    N/A
 Spectral Weapon          Hex/Chrm       #.......     100%        3    N/A
 Passage of Golubria      Tloc           N/A          100%        4    N/A
 Lee's Rapid Deconstruct  Erth           #.........   100%        5    N/A
 Darkness                 Hex            #.........   100%        6    N/A
 Invisibility             Hex            #.......     100%        6    N/A
 Regeneration             Chrm/Necr      Unusable     N/A         3    N/A

Dungeon Overview and Level Annotations

Branches:
Dungeon (11/15)            Temple (1/1) D:6            Lair (0/6) D:8
    Orc: D:9-12

Altars:
Cheibriados
Dithmenos
Elyvilon
Fedhas
Gozag
Hepliaklqana
Kikubaaqudgha
Makhleb
Nemelex Xobeh
Okawaru
Qazlal
Ru
Sif Muna
Trog
Uskayaw
Vehumet
Wu Jian
Xom
Yredelemnul
Zin
The Shining One

Shops:
D:8 !

Annotations:
D:3 1 runed translucent door, Crazy Yiuf
D:7 2 transporters, hairmachine's ghost, novice OgWn
D:11 exclusion: orange crystal statue, Gastronok


Innate Abilities, Weirdness & Mutations

You do not eat or drink.
Your flesh is vulnerable to fire.
You are immune to poison.
Your flesh is cold resistant. (rC+)
You are immune to negative energy. (rN+++)
You are immune to unholy pain and torment.
You can survive without breathing.


Message History

You block the cyan ugly thing's attack.
Unknown command.
You closely miss the cyan ugly thing.
The cyan ugly thing is severely wounded.
You slash the orc priest!
The orc priest hits you with a +0 hand axe.
* * * LOW HITPOINT WARNING * * *
You block the cyan ugly thing's attack.
Unknown command.
Unknown command.
You slash the cyan ugly thing!
The cyan ugly thing is almost dead.
You slash the orc priest!
You kill the orc priest!
The orc priest's corpse dissolves into shadows!
The cyan ugly thing trunk-slaps you!
* * * LOW HITPOINT WARNING * * *
The cyan ugly thing shocks you!
You die...
Your body crumbles into a pile of gold.

...# #.......#. #### #...≈≈....
...################### #.......#.
[..............[.....# #.......#.
...#######........##.###.......#.
...# #.....................#.
...# #####...........#########.≈.
...# #...#######.....#.......#.≈.
...# #...# #@....#.#####.≈.≈.
...###...#######u....#.##....≈.≈.
..........oou........#.##..#.#.≈.
.....≈≈≈...o####.....#.#...#.#.≈.
.....≈≈≈≈...# #.....#.#.#<#.#.#.
###.≈≈≈≈≈)o.# #.....#.#...#.#.#.
#..≈≈≈≈...# #####.#.###.#.#.#.
#..≈≈≈≈u..# #.#.....#.#.#.
#.........# #.#######.#.#.


You could see a cyan ugly thing.

Vanquished Creatures
  Erolcha (D:9)
  Erica (D:8)
  A two-headed ogre (D:8)
  2 unseen horrors (D:10)
  A cyclops (D:7)
  3 hornets
  A troll (D:9)
  5 hippogriffs
  A slime creature (D:7)
  A wyvern (D:10)
  2 water elementals (D:11)
  5 yaks (D:10)
  Grum (D:8)
  4 hungry ghosts
  Duvessa (D:7)
  3 orc warriors
  2 sky beasts
  A phantom (D:7)
  2 black bears
  7 ogres
  4 wolves (D:8)
  10 centaurs
  A crocodile (D:8)
  2 big kobolds
  5 bullfrogs
  Dowan (D:7)
  5 scorpions
  12 killer bees
  6 wights
  4 howler monkeys
  4 electric eels (D:11)
  4 crimson imps
  A quasit (D:6)
  3 hounds
  5 jellies
  4 orc priests
  2 bullfrog skeletons
  4 orc wizards
  Jessica (D:2)
  Terence (D:3)
  5 iguanas
  6 worker ants
  2 killer bee zombies
  A hound zombie (D:7)
  2 hound skeletons
  3 worker ant zombies
  Robin (D:3)
  A howler monkey skeleton (D:7)
  14 adders
  11 gnolls
  A shadow imp (D:9)
  4 worms
  4 dart slugs
  4 leopard geckos
  29 orcs
  3 ball pythons
  2 giant cockroaches
  12 goblins
  16 hobgoblins
  13 jackals
  A quokka (D:6)
  9 bats
  3 frilled lizards
  17 kobolds
  A quokka skeleton (D:5)
  7 rats
296 creatures vanquished.

Vanquished Creatures (others)
  3 fungi (D:8)
3 creatures vanquished.

Grand Total: 299 creatures vanquished

Notes
Turn   | Place    | Note
-------+----------+-------------------------------------------
     0 | D:1      | inmateoo the Mummy Gladiator began the quest for the Orb.
     0 | D:1      | Reached XP level 1. HP: 16/16 MP: 1/1
   312 | D:1      | Reached XP level 2. HP: 21/23 MP: 2/2
   646 | D:2      | Reached skill level 3 in Fighting
   725 | D:2      | Reached XP level 3. HP: 20/29 MP: 3/3
   841 | D:2      | Noticed Jessica
   849 | D:2      | Killed Jessica
   890 | D:2      | Reached XP level 4. HP: 37/37 MP: 4/4
   897 | D:2      | Found a sparkling altar of Nemelex Xobeh.
  1186 | D:3      | Noticed Terence
  1206 | D:3      | Killed Terence
  1206 | D:3      | Reached skill level 4 in Fighting
  1617 | D:3      | Reached XP level 5. HP: 43/43 MP: 5/5
  1777 | D:3      | Reached skill level 5 in Fighting
  1808 | D:3      | Noticed Robin
  1844 | D:3      | Killed Robin
  2125 | D:3      | Found a faded altar of an unknown god.
  2198 | D:3      | Found a runed translucent door.
  2199 | D:3      | Noticed Crazy Yiuf
  2554 | D:4      | Reached XP level 6. HP: 43/51 MP: 6/6
  3706 | D:5      | Entered Level 5 of the Dungeon
  3733 | D:5      | Found a blossoming altar of Fedhas.
  3763 | D:5      | Reached skill level 5 in Polearms
  3771 | D:5      | Reached XP level 7. HP: 38/56 MP: 7/7
  3772 | D:5      | Noticed a two-headed ogre
  4052 | D:6      | Found a staircase to the Ecumenical Temple.
  4070 | Temple   | Entered the Ecumenical Temple
  4146 | Temple   | Became a worshipper of Gozag Ym Sagoz the Greedy
  4217 | D:6      | Got a dazzling whip
  4218 | D:6      | Identified the +8 whip "Raongab" {slash, *Slow rC+ Int+2}
                  | (You found it on level 6 of the Dungeon)
  4560 | D:5      | Reached skill level 1 in Maces & Flails
  4664 | D:5      | Found a stormy altar of Qazlal.
  4664 | D:5      | Found a shimmering blue altar of Sif Muna.
  5124 | D:7      | Reached skill level 6 in Fighting
  5263 | D:7      | Noticed a hippogriff
  5271 | D:7      | Killed a hippogriff
  5271 | D:7      | Reached XP level 8. HP: 47/64 MP: 8/8
  5447 | D:7      | Noticed Duvessa
  5447 | D:7      | Noticed Dowan
  5468 | D:7      | Killed Duvessa
  5469 | D:7      | Killed Dowan
  5747 | D:7      | HP: 2/65 [killer bee (3)]
  5757 | D:7      | Reached skill level 7 in Fighting
  6030 | D:7      | Found a transporter.
  6095 | D:7      | Found a transporter.
  6097 | D:7      | Noticed a moth of wrath
  6098 | D:7      | Noticed hairmachine's ghost (novice OgWn)
  6124 | D:7      | Found a bloodstained altar of Trog.
  6124 | D:7      | Identified the cursed +1 short sword "Diacs" {antimagic,
                  | Dex+7}
  6252 | D:7      | Reached skill level 5 in Maces & Flails
  6252 | D:7      | Reached XP level 9. HP: 65/72 MP: 9/9
  6278 | D:7      | Identified the +1 chain mail of Winter {rC+ Regen+}
  6311 | D:7      | Noticed a cyclops
  6880 | D:7      | Killed a cyclops
  6880 | D:7      | Reached skill level 1 in Armour
  6880 | D:7      | Reached skill level 1 in Shields
  7142 | D:7      | Got an encrusted mace
  7145 | D:7      | Found the +7 great mace "Undeadhunter" {disrupt, rN+}
  7596 | D:8      | Noticed a two-headed ogre
  7605 | D:8      | Killed a two-headed ogre
  7605 | D:8      | Reached XP level 10. HP: 26/79 MP: 10/10
  7699 | D:8      | Noticed Erica
  7706 | D:8      | Killed Erica
  7847 | D:8      | Found a sacrificial altar of Ru.
  7886 | D:8      | Found Begget's Distillery.
  8007 | D:8      | Found a staircase to the Lair.
  8099 | D:8      | Noticed Grum
  8118 | D:8      | Killed Grum
  8118 | D:8      | Reached skill level 8 in Fighting
  8118 | D:8      | Reached skill level 5 in Dodging
  8616 | D:9      | Identified a scroll of acquirement
  8625 | D:9      | Identified the +11 mace "Xiuggiu" {drain, Int+6} (You found
                  | it on level 7 of the Dungeon)
  8651 | D:9      | Reached skill level 1 in Axes
  8774 | D:9      | Noticed Erolcha
  8781 | D:9      | Killed Erolcha
  8781 | D:9      | Reached XP level 11. HP: 70/87 MP: 11/11
  8908 | D:9      | Found a glowing silver altar of Zin.
  8909 | D:9      | Found a radiant altar of Vehumet.
  8999 | D:9      | Reached skill level 9 in Fighting
  9145 | D:10     | Entered Level 10 of the Dungeon
  9537 | D:10     | Killed an unseen horror
  9893 | D:10     | Killed an unseen horror
  9893 | D:10     | Reached skill level 5 in Axes
 10373 | D:11     | Reached skill level 10 in Fighting
 10536 | D:11     | Noticed an orange crystal statue
 11085 | D:11     | Noticed Gastronok
 11086 | D:11     | Noticed a cyan ugly thing
 11115 | D:11     | Slain by a cyan ugly thing

Levels and vault maps discovered:
D:1:      giann_horns, layout_basic, minmay_liquid_box
D:2:      layout_rooms, old_standard_altar, minmay_pentomino_t4, uniq_jessica
D:3:      layout_loops_corners, chequers_ecumenical_altar_simple_redux,
          uniq_terence, uniq_crazy_yiuf_cottage, uniq_robin
D:4:      layout_basic, first_ration
D:5:      layout_gridville, gammafunk_temple_overflow_wave,
          fedhas_ov_isle_minmay
D:6:      layout_rooms, minmay_temple_entry_tees, serial_glass, glass_columns_a,
          glass_columns_b, glass_columns_a, glass_columns_a, glass_columns_b,
          glass_columns_c, glass_columns_a, glass_columns_a, glass_columns_a,
          glass_columns_a, glass_columns_b, glass_columns_b, glass_columns_b,
          glass_columns_c
D:7:      minmay_the_grid_octo_tiled_squarecenter
          [minmay_the_grid_octo_fan_narrow, minmay_the_grid_octo_odd_swirl,
          minmay_the_grid_octo_pinwheel, minmay_the_grid_octo_clover,
          minmay_the_grid_square_5x5_megaprize_checkered,
          minmay_the_grid_square_5x5_one_wall, minmay_the_grid_square_5x5_empty,
          minmay_the_grid_square_5x5_tri_point,
          minmay_the_grid_square_5x5_forky], layout_basic,
          gammafunk_ghost_wrathful_warriors, uniq_duvessa
D:8:      layout_loops_ring, nicolae_ru_sacrificial_ziggurat,
          grunt_lair_entry_orc_guard_hut, serial_shops, nicolae_shop_crystal,
          uniq_grum, uniq_erica
D:9:      layout_cave_pods, grunt_temple_overflow_open,
          hangedman_pestilent_swarm, uniq_erolcha
D:10:     layout_basic, hex_intersection
D:11:     layout_basic, minivault_16, chequers_avenue, uniq_gastronok
Temple:   eino_temple_scatter_basement

Skill      XL: |  1  2  3  4  5  6  7  8  9 10 11 |
---------------+----------------------------------+-----
Fighting       | 3 4 5 6 7 8 10 | 10.0
Polearms       | 3 4 5 6 7 8 |  8.3
Maces & Flails | 2 5 |  5.4
Armour         | 3 4 |  4.0
Shields        | 3 4 |  4.0
Dodging        | 4 5 |  5.0
Axes           | 2 6 |  6.2
Throwing       | |  1.5

Action                   |  1- 3 |  4- 6 |  7- 9 | 10-12 || total
-------------------------+-------+-------+-------+-------++-------
Melee: Trident           |    96 |   293 |    40 |       ||   429
       Whip              |       |       |   239 |   134 ||   373
       Broad axe         |       |       |       |   183 ||   183
Invok: Potion Petition   |       |       |     1 |       ||     1
Evoke: Wand              |       |       |    11 |     2 ||    13
       Sack of spiders   |       |       |     2 |       ||     2
  Use: Scroll            |       |     7 |     5 |     8 ||    20
 Stab: Distracted        |       |     1 |     1 |     4 ||     6
Armor: Leather armour    |    19 |       |       |       ||    19
       Chain mail        |     4 |    30 |    15 |   173 ||   222
       Ring mail         |       |   111 |    89 |       ||   200
Dodge: Dodged            |    58 |   145 |   146 |   109 ||   458
Block: Shield            |       |       |    33 |   156 ||   189
